| TOP OF THE 1ST |
|
Quad Cities River Bandits batting - Pitching for Clinton LumberKings : RHP Rich Benoit
|
|
Pitching: RHP Rich Benoit
|
|
|
Batting: LHB Jose Chavez
|
0-0: Ball 1-0: Foul Ball, location: 2F 1-1: Fly out, F9 (Flyball, 9D, EV 98.1 MPH)
|
|
Batting: LHB Wade Girard
|
0-0: Ball 1-0: Called Strike 1-1: Ball 2-1: Ball 3-1: Called Strike 3-2: Foul Ball, location: 2F 3-2: Strikes out swinging
|
|
Batting: RHB Jesus Malave
|
0-0: Foul Ball, location: 2F 0-1: Ball 1-1: Called Strike 1-2: Foul Ball, location: 2F 1-2: Reached on error, E4 (Popup, 4M, EV 73.8 MPH)
|
|
Batting: RHB Sam Spohn
|
0-0: Ball 1-0: Foul Ball, location: 2F 1-1: Ball 2-1: Swinging Strike 2-2: Ball 3-2: Base on Balls Jesus Malave to second
|
|
Batting: RHB Nick Deegan
|
0-0: Ball 1-0: Foul Ball, location: 2F 1-1: Foul Ball, location: 2F 1-2: SINGLE (Groundball, P, EV 80.6 MPH) (infield hit) Jesus Malave to third Sam Spohn to second
|
|
Batting: RHB Yi-lin Niu
|
0-0: Ground out 6-3 (Groundball, 6S, EV 88.8 MPH)
|
| Top of the 1st over - 0 runs, 1 hit, 1 error, 3 left on base; Quad Cities 0 - Clinton 0 |
| BOTTOM OF THE 1ST |
|
Clinton LumberKings batting - Pitching for Quad Cities River Bandits : RHP Elroy Meulenkamp
|
|
Pitching: RHP Elroy Meulenkamp
|
|
|
Batting: LHB Israel Montoya
|
0-0: Swinging Strike 0-1: Foul Ball, location: 2F 0-2: Ball 1-2: Ball 2-2: Ball 3-2: Strikes out swinging
|
|
Batting: RHB Heitaro Tanaka
|
0-0: Ball 1-0: Foul Ball, location: 2F 1-1: Fly out, F8 (Flyball, 89D, EV 104.4 MPH)
|
|
Batting: LHB Nick McGraw
|
0-0: Ball 1-0: Ball 2-0: Ball 3-0: Called Strike 3-1: Base on Balls
|
|
Batting: RHB Josh Ruhl
|
0-0: Ball 1-0: Hit by Pitch Nick McGraw to second
|
|
Batting: LHB Sean Trueblood
|
0-0: Ball 1-0: Ball 2-0: Ball 3-0: Called Strike 3-1: Base on Balls Nick McGraw to third Josh Ruhl to second
|
|
Batting: SHB Brendan Bundy
|
0-0: Called Strike 0-1: Foul Ball, location: 2F 0-2: Foul Ball, location: 2F 0-2: Fly out, F8 (Line Drive, 8RD, EV 91.9 MPH)
|
| Bottom of the 1st over - 0 runs, 0 hits, 0 errors, 3 left on base; Quad Cities 0 - Clinton 0 |
| TOP OF THE 2ND |
|
Quad Cities River Bandits batting - Pitching for Clinton LumberKings : RHP Rich Benoit
|
|
Batting: RHB Dustin Hartman
|
0-0: Called Strike 0-1: Ball 1-1: Swinging Strike 1-2: Ball 2-2: Ball 3-2: Strikes out swinging
|
|
Batting: RHB Omar Amaya
|
0-0: Fly out, F8 (Flyball, 8RD, EV 90.0 MPH)
|
|
Batting: RHB Lamar Thornton
|
0-0: Called Strike 0-1: Swinging Strike 0-2: Ball 1-2: Strikes out looking
|
| Top of the 2nd over - 0 runs, 0 hits, 0 errors, 0 left on base; Quad Cities 0 - Clinton 0 |
| BOTTOM OF THE 2ND |
|
Clinton LumberKings batting - Pitching for Quad Cities River Bandits : RHP Elroy Meulenkamp
|
|
Batting: RHB Matt Fenimore
|
0-0: Called Strike 0-1: Ball 1-1: Foul Ball, location: 2F 1-2: Strikes out swinging
|
|
Batting: LHB Chang Huie
|
0-0: Ball 1-0: Called Strike 1-1: Foul Ball, location: 2F 1-2: Ball 2-2: Ball 3-2: Strikes out looking
|
|
Batting: RHB David Greene
|
0-0: Ball 1-0: Foul Ball, location: 2F 1-1: Ball 2-1: Foul Ball, location: 2F 2-2: SINGLE (Groundball, 56S, EV 66.9 MPH) (infield hit)
|
|
Batting: LHB Israel Montoya
|
0-0: Called Strike 0-1: Called Strike 0-2: SINGLE (Flyball, 4D, EV 92.5 MPH) David Greene to second
|
|
Batting: RHB Heitaro Tanaka
|
0-0: Ball Wild Pitch! David Greene to third Israel Montoya to second 1-0: Called Strike 1-1: Ground out 5-3 (Groundball, 56S, EV 70.0 MPH)
|
| Bottom of the 2nd over - 0 runs, 2 hits, 0 errors, 2 left on base; Quad Cities 0 - Clinton 0 |
| TOP OF THE 3RD |
|
Quad Cities River Bandits batting - Pitching for Clinton LumberKings : RHP Rich Benoit
|
|
Batting: LHB Jose Chavez
|
0-0: Ball 1-0: Ground out 3-1 (Groundball, 34, EV 85.0 MPH)
|
|
Batting: LHB Wade Girard
|
0-0: Called Strike 0-1: Swinging Strike 0-2: Strikes out swinging
|
|
Batting: RHB Jesus Malave
|
0-0: Fly out, F4 (Popup, 4S, EV 85.6 MPH)
|
| Top of the 3rd over - 0 runs, 0 hits, 0 errors, 0 left on base; Quad Cities 0 - Clinton 0 |
| BOTTOM OF THE 3RD |
|
Clinton LumberKings batting - Pitching for Quad Cities River Bandits : RHP Elroy Meulenkamp
|
|
Batting: LHB Nick McGraw
|
0-0: Called Strike 0-1: SOLO HOME RUN (Flyball, 89XD, EV 102.5 MPH), Distance : 430 ft
|
|
Batting: RHB Josh Ruhl
|
0-0: Ball 1-0: Called Strike 1-1: Foul Ball, location: 2F 1-2: Ball 2-2: Foul Ball, location: 2F 2-2: Foul Ball, location: 2F 2-2: Ball 3-2: Strikes out swinging
|
|
Batting: LHB Sean Trueblood
|
0-0: Called Strike 0-1: Ball 1-1: Ball 2-1: Fly out, F6 (Popup, 4M, EV 70.0 MPH)
|
|
Batting: SHB Brendan Bundy
|
0-0: Called Strike 0-1: Ball 1-1: Swinging Strike 1-2: Ball 2-2: Ball 3-2: Strikes out looking
|
| Bottom of the 3rd over - 1 run, 1 hit, 0 errors, 0 left on base; Quad Cities 0 - Clinton 1 |
| TOP OF THE 4TH |
|
Quad Cities River Bandits batting - Pitching for Clinton LumberKings : RHP Rich Benoit
|
|
Batting: RHB Sam Spohn
|
0-0: Called Strike 0-1: Foul Ball, location: 2F 0-2: Foul Ball, location: 2F 0-2: Ball 1-2: Ball 2-2: Strikes out swinging
|
|
Batting: RHB Nick Deegan
|
0-0: Swinging Strike 0-1: Ball 1-1: Ball 2-1: Ball 3-1: Foul Ball, location: 2F 3-2: Fly out, F4 (Popup, 4S, EV 68.1 MPH)
|
|
Batting: RHB Yi-lin Niu
|
0-0: Ground out 1-3 (Groundball, 13S, EV 62.5 MPH)
|
| Top of the 4th over - 0 runs, 0 hits, 0 errors, 0 left on base; Quad Cities 0 - Clinton 1 |
| BOTTOM OF THE 4TH |
|
Clinton LumberKings batting - Pitching for Quad Cities River Bandits : RHP Elroy Meulenkamp
|
|
Batting: RHB Matt Fenimore
|
0-0: Called Strike 0-1: Foul Ball, location: 2F 0-2: Ball 1-2: Strikes out looking
|
|
Batting: LHB Chang Huie
|
0-0: Called Strike 0-1: Ball 1-1: Ball 2-1: Ground out U3 (Groundball, 34S, EV 90.6 MPH)
|
|
Batting: RHB David Greene
|
0-0: Foul Ball, location: 2F 0-1: Ball 1-1: Fly out, F8 (Line Drive, 8LD, EV 86.9 MPH)
|
| Bottom of the 4th over - 0 runs, 0 hits, 0 errors, 0 left on base; Quad Cities 0 - Clinton 1 |
| TOP OF THE 5TH |
|
Quad Cities River Bandits batting - Pitching for Clinton LumberKings : RHP Rich Benoit
|
|
Batting: RHB Dustin Hartman
|
0-0: Called Strike 0-1: Called Strike 0-2: Ball 1-2: Ball 2-2: Ball 3-2: Ground out 5-3 (Groundball, 56, EV 99.4 MPH)
|
|
Batting: RHB Omar Amaya
|
0-0: SINGLE (Groundball, 56S, EV 70.0 MPH) (infield hit)
|
|
Batting: RHB Lamar Thornton
|
0-0: Ball 1-0: SINGLE (Groundball, 56D, EV 105.6 MPH) Omar Amaya to second
|
|
Batting: LHB Jose Chavez
|
0-0: Called Strike 0-1: Ball 1-1: Called Strike 1-2: Ball 2-2: Strikes out looking
|
|
Batting: LHB Wade Girard
|
0-0: Ball Passed Ball! Omar Amaya to third Lamar Thornton to second 1-0: SINGLE (Line Drive, 4M, EV 101.9 MPH) Omar Amaya scores Lamar Thornton to third
|
|
Batting: RHB Jesus Malave
|
0-0: Ball 1-0: Ball 2-0: Fly out, F8 (Flyball, 78D, EV 83.8 MPH)
|
| Top of the 5th over - 1 run, 3 hits, 0 errors, 2 left on base; Quad Cities 1 - Clinton 1 |
| BOTTOM OF THE 5TH |
|
Clinton LumberKings batting - Pitching for Quad Cities River Bandits : RHP Elroy Meulenkamp
|
|
Batting: LHB Israel Montoya
|
0-0: Ball 1-0: Ball 2-0: DOUBLE (Line Drive, 78XD, EV 100.6 MPH)
|
|
Batting: RHB Heitaro Tanaka
|
0-0: Ball Wild Pitch! Israel Montoya to third 1-0: Called Strike 1-1: Ball 2-1: Ball 3-1: Foul Ball, location: 2F 3-2: Base on Balls
|
|
Batting: LHB Nick McGraw
|
0-0: Called Strike Heitaro Tanaka steals 2nd base 0-1: Called Strike 0-2: Strikes out swinging
|
|
Batting: RHB Josh Ruhl
|
0-0: Foul Ball, location: 2F 0-1: Ball Passed Ball! Israel Montoya scores Heitaro Tanaka to third 1-1: Swinging Strike 1-2: Strikes out looking
|
|
Batting: LHB Sean Trueblood
|
0-0: Fly out, F8 (Line Drive, 8RM, EV 90.0 MPH)
|
| Bottom of the 5th over - 1 run, 1 hit, 0 errors, 1 left on base; Quad Cities 1 - Clinton 2 |
| TOP OF THE 6TH |
|
Quad Cities River Bandits batting - Pitching for Clinton LumberKings : RHP Rich Benoit
|
|
Batting: RHB Sam Spohn
|
0-0: Foul Ball, location: 2F 0-1: Swinging Strike 0-2: Ball 1-2: Ball 2-2: SINGLE (Flyball, 34D, EV 95.0 MPH)
|
|
Batting: RHB Nick Deegan
|
0-0: Foul Ball, location: 2F 0-1: Ball Sam Spohn steals 2nd base 1-1: Ball 2-1: Fly out, F9 (Flyball, 9, EV 93.8 MPH)
|
|
Batting: RHB Yi-lin Niu
|
0-0: Called Strike 0-1: Foul Ball, location: 2F 0-2: Ball 1-2: DOUBLE (Line Drive, 78XD, EV 111.9 MPH) Sam Spohn scores
|
|
Batting: RHB Dustin Hartman
|
0-0: Swinging Strike 0-1: Called Strike 0-2: Ball 1-2: Ball 2-2: Fly out, F9 (Flyball, 9D, EV 108.8 MPH) Runner from 2nd tags up, SAFE at 3rd, no throw by RF
|
|
Batting: RHB Omar Amaya
|
0-0: Swinging Strike 0-1: Ground out 6-3 (Groundball, 6, EV 101.2 MPH)
|
| Top of the 6th over - 1 run, 2 hits, 0 errors, 1 left on base; Quad Cities 2 - Clinton 2 |
| BOTTOM OF THE 6TH |
|
Clinton LumberKings batting - Pitching for Quad Cities River Bandits : RHP Elroy Meulenkamp
|
|
Batting: SHB Brendan Bundy
|
0-0: Fly out, F7 (Flyball, 7S, EV 84.4 MPH)
|
|
Batting: RHB Matt Fenimore
|
0-0: Called Strike 0-1: Ground out 5-3 (Groundball, 56, EV 85.0 MPH)
|
|
Batting: LHB Chang Huie
|
0-0: Ball 1-0: Ball 2-0: Called Strike 2-1: Foul Ball, location: 2F 2-2: Strikes out swinging
|
| Bottom of the 6th over - 0 runs, 0 hits, 0 errors, 0 left on base; Quad Cities 2 - Clinton 2 |
| TOP OF THE 7TH |
|
Quad Cities River Bandits batting - Pitching for Clinton LumberKings : RHP Rich Benoit
|
|
Pitching: RHP Matt Lane
|
|
|
Batting: RHB Lamar Thornton
|
0-0: Foul Ball, location: 2F 0-1: Ground out U3 (Groundball, 34S, EV 81.2 MPH)
|
|
Batting: LHB Jose Chavez
|
0-0: Foul Ball, location: 2F 0-1: Ground out 4-3 (Groundball, 4, EV 94.4 MPH)
|
|
Batting: LHB Wade Girard
|
0-0: Called Strike 0-1: Foul Ball, location: 2F 0-2: Ball 1-2: Strikes out swinging, 2-3 out at first.
|
| Top of the 7th over - 0 runs, 0 hits, 0 errors, 0 left on base; Quad Cities 2 - Clinton 2 |
| BOTTOM OF THE 7TH |
|
Clinton LumberKings batting - Pitching for Quad Cities River Bandits : RHP Elroy Meulenkamp
|
|
Batting: RHB David Greene
|
0-0: Ball 1-0: Ground out 5-3 (Groundball, 56, EV 105.0 MPH)
|
|
Batting: LHB Israel Montoya
|
0-0: Swinging Strike 0-1: Called Strike 0-2: Strikes out swinging
|
|
Batting: RHB Heitaro Tanaka
|
0-0: Ball 1-0: SINGLE (Groundball, 6MD, EV 108.8 MPH)
|
|
Pitching: RHP Mike Rosen
|
|
|
Batting: LHB Nick McGraw
|
0-0: Ground out 1-3 (Groundball, 34S, EV 71.2 MPH)
|
| Bottom of the 7th over - 0 runs, 1 hit, 0 errors, 1 left on base; Quad Cities 2 - Clinton 2 |
| TOP OF THE 8TH |
|
Quad Cities River Bandits batting - Pitching for Clinton LumberKings : RHP Matt Lane
|
|
Pitching: LHP Adam Parrish
|
|
|
Batting: RHB Jesus Malave
|
0-0: Foul Ball, location: 2F 0-1: Called Strike 0-2: Foul Ball, location: 2F 0-2: Foul Ball, location: 2F 0-2: Foul Ball, location: 2F 0-2: Ball 1-2: Strikes out looking
|
|
Batting: RHB Sam Spohn
|
0-0: Called Strike 0-1: Swinging Strike 0-2: Ball 1-2: Ball 2-2: Strikes out swinging
|
|
Batting: RHB Nick Deegan
|
0-0: Ball 1-0: Ball 2-0: Ball 3-0: Base on Balls
|
|
Batting: RHB Yi-lin Niu
|
0-0: Swinging Strike 0-1: Ball 1-1: Ball 2-1: Called Strike 2-2: Ball 3-2: Base on Balls Nick Deegan to second
|
|
Batting: RHB Dustin Hartman
|
0-0: Ball 1-0: Ball 2-0: Foul Ball, location: 2F 2-1: Swinging Strike 2-2: Foul Ball, location: 2F 2-2: Foul Ball, location: 2F 2-2: Foul Ball, location: 2F 2-2: Foul Ball, location: 2F 2-2: Foul Ball, location: 2F 2-2: Strikes out swinging, 2-3 out at first.
|
| Top of the 8th over - 0 runs, 0 hits, 0 errors, 2 left on base; Quad Cities 2 - Clinton 2 |
| BOTTOM OF THE 8TH |
|
Clinton LumberKings batting - Pitching for Quad Cities River Bandits : RHP Mike Rosen
|
|
Batting: RHB Josh Ruhl
|
0-0: Swinging Strike 0-1: Called Strike 0-2: Ball 1-2: Strikes out swinging
|
|
Batting: LHB Sean Trueblood
|
0-0: Ball 1-0: Ball 2-0: Called Strike 2-1: Foul Ball, location: 2F 2-2: Ball 3-2: Foul Ball, location: 2F 3-2: Foul Ball, location: 2F 3-2: Base on Balls
|
|
Batting: SHB Brendan Bundy
|
0-0: Called Strike 0-1: Swinging Strike 0-2: Foul Ball, location: 2F 0-2: Ball 1-2: Ball Passed Ball! Sean Trueblood to second 2-2: Strikes out swinging
|
|
Batting: RHB Matt Fenimore
|
0-0: Called Strike 0-1: Ball 1-1: Ball 2-1: 2-RUN HOME RUN (Flyball, 7D, EV 111.9 MPH), Distance : 416 ft
|
|
Batting: LHB Chang Huie
|
0-0: Called Strike 0-1: Ball 1-1: Ball 2-1: Ball 3-1: Ground out 4-3 (Groundball, 4, EV 83.8 MPH)
|
| Bottom of the 8th over - 2 runs, 1 hit, 0 errors, 0 left on base; Quad Cities 2 - Clinton 4 |
| TOP OF THE 9TH |
|
Quad Cities River Bandits batting - Pitching for Clinton LumberKings : LHP Adam Parrish
|
|
Pitching: RHP Dave Williams
|
|
|
Batting: RHB Omar Amaya
|
0-0: Called Strike 0-1: Fly out, F9 (Flyball, 89S, EV 95.6 MPH)
|
|
Batting: RHB Lamar Thornton
|
0-0: Ball 1-0: Foul Ball, location: 2F 1-1: Ground out 1-3 (Groundball, 13, EV 75.0 MPH)
|
|
Batting: LHB Jose Chavez
|
0-0: Called Strike 0-1: Swinging Strike 0-2: Strikes out swinging
|
| Top of the 9th over - 0 runs, 0 hits, 0 errors, 0 left on base; Quad Cities 2 - Clinton 4 |
|